 Dungeon Crawl Stone Soup version 0.30.1-9-gdf580d7c3d (webtiles) character file.

Game seed: 10772359188224450801

5496 boopmooplesden the Cruncher (level 10, -1/87 (90) HPs)
             Began as a Minotaur Gladiator on Sept 26, 2023.
             Was a Priest of Okawaru.
             Slain by a gnoll sergeant
             ... wielding a +1 heavy trident
              (14 damage)
             ... on level 9 of the Dungeon.
             The game lasted 00:10:56 (8130 turns).

boopmooplesden the Cruncher (Minotaur Gladiator)    Turns: 8130, Time: 00:10:57

HP:   -1/87 (90)    AC: 11    Str: 24    XL:     10   Next: 42%
MP:   9/9           EV: 12    Int:  5    God:    Okawaru [***...]
Gold: 429           SH:  0    Dex: 11    Spells: 9/9 levels left

rFire   . . .        a - +0 quarterstaff (elec)
rCold   . . .        (shield currently unavailable)
rNeg    . . .        n - +0 scale mail
rPois   +            c - +0 hat
rElec   .            H - +0 cloak
rCorr   .            (no gloves)
SInv    +            y - +0 pair of boots
Will    .....        (no amulet) Stlth
                     s - ring of see invisible
HPRegen 0.34/turn    w - ring of poison resistance
MPRegen 0.11/turn

%: no passive effects
@: lightly drained
A: horns 2, retaliatory headbutt
a: Renounce Religion, Heroism


You were on level 9 of the Dungeon.
You worshipped Okawaru.
Okawaru was most pleased with you.
You visited 2 branches of the dungeon, and saw 10 of its levels.

You collected 429 gold pieces.

Inventory:

Hand Weapons
 a - a +0 quarterstaff of electrocution (weapon)
 g - a +1 sling of draining
 v - a +1 halberd of venom
 G - a +3 quarterstaff of chaos
Missiles
 e - a javelin
 l - 5 throwing nets (quivered)
 u - 4 curare-tipped darts
 C - 2 boomerangs of dispersal
Armour
 b - a +0 leather armour
 c - a +0 hat (worn)
 n - a +0 scale mail (worn)
 o - a +0 chain mail
 y - a +0 pair of boots (worn)
 H - a +0 cloak (worn)
 K - a +0 plate armour
Jewellery
 s - a ring of see invisible (left hand)
 w - a ring of poison resistance (right hand)
 A - an amulet of guardian spirit
Wands
 q - a wand of charming (10)
 t - a wand of mindburst (37)
Scrolls
 f - 3 scrolls of fog
 j - 4 scrolls of immolation
 p - a scroll of amnesia
 r - 5 scrolls of identify
 B - a scroll of summoning {unknown}
 I - a scroll of poison
Potions
 d - a potion of mutation {unknown}
 i - 2 potions of might
 k - 2 potions of haste
 m - 2 potions of brilliance {unknown}
 x - 3 potions of heal wounds {unknown}
 z - 2 potions of flight {unknown}
 D - 2 potions of invisibility {unknown}
 E - a potion of resistance {unknown}
 F - 2 potions of lignification {unknown}
 J - 2 potions of cancellation {unknown}
 L - a potion of magic {unknown}


   Skills:
 + Level 8.6 Fighting
 + Level 12.7 Staves
 + Level 3.0 Throwing
 + Level 9.1 Armour
 + Level 6.1 Dodging
 + Level 1.8 Stealth


You had 9 spell levels left.
You didn't know any spells.
Your spell library contained the following spells:

 Spells                   Type           Power      Damage    Failure   Level
 Kiss of Death            Conj/Necr      0%         2d5       75%         1
 Magic Dart               Conj           0%         1d3       75%         1
 Sublimation of Blood     Necr           0%         N/A       86%         2
 Confusing Touch          Hex            0%         N/A       98%         3
 Mephitic Cloud           Conj/Pois/Air  0%         N/A       98%         3
 Dispel Undead            Necr           0%         3d6       100%        4
 Petrify                  Tmut/Erth      0%         N/A       100%        4
 Irradiate                Conj/Tmut      0%         3d11      100%        5
 Orb of Destruction       Conj           0%         9d5       100%        7
 Call Imp                 Summ           Unusable   N/A       N/A         2
 Summon Guardian Golem    Hex/Summ       Unusable   N/A       N/A         3
 Spellforged Servitor     Conj/Summ      Unusable   N/A       N/A         7

Dungeon Overview and Level Annotations

Branches:
Dungeon (9/15)             Temple (1/1) D:6
   Lair: D:8-11         Orc: D:9-12

Altars:
Dithmenos
Elyvilon
Hepliaklqana
Kikubaaqudgha
Makhleb
Okawaru
Ru
Sif Muna
Uskayaw
Vehumet
Wu Jian
Xom
Zin
The Shining One

Shops:
D:1 (   D:4 ?(?*   D:9 :

Annotations:
D:3 3 runed translucent doors, Esekla's ghost, amateur DEWn; bairyn's ghost, weakling DESu; boopmooplesden's ghost, amateur AtFi; croobank's ghost, weakling OpDe


Innate Abilities, Weirdness & Mutations

You have a pair of horns on your head.
You reflexively headbutt those who attack you in melee.


Message History

An orc wizard comes into view. It is wielding a +0 dagger.
The orc barely misses you.
You closely miss the orc.
The orc wizard shouts!
The gnoll sergeant barely misses you.
Unknown command.
You thump the orc priest!
Lightning courses through the orc priest!
You kill the orc priest!
Okawaru accepts your kill. The gnoll closely misses you.
The gnoll barely misses you. x2
The orc closely misses you. You furiously retaliate!
You headbutt the orc!
You kill the orc!
Okawaru accepts your kill. The orc hits you with a +0 war axe!
The orc wizard closely misses you. You furiously retaliate!
You headbutt the orc wizard. You sock the gnoll!
You kill the gnoll!
Okawaru accepts your kill.
The gnoll hits you with a +0 quarterstaff!
* * * LOW HITPOINT WARNING * * *
The gnoll hits you with a +0 club.
* * * LOW HITPOINT WARNING * * *
The orc hits you with a +0 war axe.
* * * LOW HITPOINT WARNING * * *
The ogre misses you.
An orc comes into view. It is wielding a +0 short sword.
The orc wizard hits you with a +0 dagger.
* * * LOW HITPOINT WARNING * * *
The orc wizard attacks as you move away!
The orc wizard barely misses you. You furiously retaliate!
You headbutt the orc wizard!
The gnoll sergeant hits you from afar with a +1 heavy trident!
* * * LOW HITPOINT WARNING * * *
The gnoll hits you but does no damage. The gnoll closely misses you.
The orc closely misses you.
Items here: ! $ ) †.
You feel better.
The gnoll sergeant hits you from afar with a +1 heavy trident!
You die...

########## #####
.........# #>..#
.........# ###...#
.......g.##########......
.......Og...##...........
.....o)o@##.##.####......
......#go##.##.# ###...#
o..o.....#.....# #...#
#########.###### ##.## #.
#.# #. #.## #. #... ##
####


You could see an ogre, a gnoll sergeant, 2 orc wizards, 2 gnolls and 2 orcs.

Vanquished Creatures
  A two-headed ogre (D:9)
  Prince Ribbit (D:7)
  Grinder (D:5)
  Sigmund (D:2)
  3 slime creatures (D:9)
  A shadow (D:9)
  6 yaks (D:6)
  Grum (D:8)
  2 steam dragons
  2 water moccasins (D:8)
  An ice beast (D:4)
  A sky beast (D:8)
  A black bear (D:7)
  2 centaurs
  2 wolves (D:8)
  A kobold brigand (D:8)
  A phantom (D:4)
  A gnoll sergeant (D:9)
  2 bullfrogs (D:6)
  4 scorpions
  4 wights (D:9)
  A howler monkey (D:7)
  A jelly (D:8)
  A hound (D:6)
  An orc priest (D:9)
  Crazy Yiuf (D:7)
  A gnoll bouda (D:8)
  2 sleepcaps (D:6)
  Terence (D:2)
  Ijyb (D:5)
  3 iguanas
  6 orc wizards
  14 gnolls
  10 adders
  A shadow imp (D:7)
  An ufetubus (D:7)
  A worm (D:2)
  3 dart slugs (D:1)
  21 orcs
  7 bats
  12 endoplasms
  4 giant cockroaches
  5 goblins
  2 hobgoblins
  2 jackals (D:1)
  8 kobolds
  2 quokkas (D:2)
  3 ball pythons
  3 frilled lizards
  9 rats
166 creatures vanquished.

Notes
Turn   | Place    | Note
-------+----------+-------------------------------------------
     0 | D:1      | boopmooplesden the Minotaur Gladiator began the quest for
                  | the Orb.
     0 | D:1      | Reached XP level 1. HP: 18/18 MP: 0/0
    39 | D:1      | Found a faded altar of an unknown god.
   144 | D:1      | Reached skill level 4 in Staves
   144 | D:1      | Reached XP level 2. HP: 19/25 MP: 1/1
   248 | D:1      | Reached skill level 1 in Armour
   248 | D:1      | Reached XP level 3. HP: 21/30 MP: 2/2
   574 | D:1      | Found Efucvire's Weapon Boutique.
   956 | D:2      | Reached XP level 4. HP: 28/38 MP: 3/3
  1110 | D:2      | Noticed Sigmund
  1126 | D:2      | Reached skill level 5 in Staves
  1134 | D:2      | Killed Sigmund
  1135 | D:2      | Reached XP level 5. HP: 23/46 MP: 4/4
  1238 | D:2      | Reached skill level 6 in Staves
  1238 | D:2      | Reached XP level 6. HP: 52/52 MP: 5/5
  1405 | D:2      | Identified the +0 cloak of Athree {rPois rF+}
  1457 | D:2      | Noticed Terence
  1466 | D:2      | Killed Terence
  1708 | D:3      | Found a runed translucent gate.
  1709 | D:3      | Found a runed translucent gate.
  1709 | D:3      | Found a runed translucent gate.
  1710 | D:3      | Noticed Esekla's ghost (amateur DEWn)
  1710 | D:3      | Noticed croobank's ghost (weakling OpDe)
  1710 | D:3      | Noticed boopmooplesden's ghost (amateur AtFi)
  1710 | D:3      | Noticed bairyn's ghost (weakling DESu)
  2312 | D:4      | Found Ritaj's Weapon Boutique.
  2498 | D:4      | Found Aruar's Magic Scroll Shoppe.
  2631 | D:4      | Reached XP level 7. HP: 53/60 MP: 6/6
  2673 | D:4      | Reached skill level 7 in Staves
  2695 | D:4      | Found Nugetsis's Magic Scroll Emporium.
  2787 | D:4      | Found a hazy altar of Hepliaklqana.
  2921 | D:4      | Found Puliew Ekkeu's Assorted Antiques.
  3154 | D:5      | Entered Level 5 of the Dungeon
  3154 | D:5      | Noticed Grinder
  3197 | D:5      | Killed Grinder
  3198 | D:5      | Reached skill level 5 in Armour
  3198 | D:5      | Reached XP level 8. HP: 40/67 MP: 7/7
  3368 | D:5      | Reached skill level 8 in Staves
  3514 | D:5      | Reached skill level 5 in Dodging
  3635 | D:5      | Noticed Ijyb
  3642 | D:5      | Killed Ijyb
  4265 | D:6      | Reached skill level 5 in Fighting
  4510 | D:6      | Reached skill level 9 in Staves
  4743 | D:6      | Found a staircase to the Ecumenical Temple.
  4770 | Temple   | Entered the Ecumenical Temple
  4986 | Temple   | Became a worshipper of Warmaster Okawaru
  5238 | D:6      | Reached skill level 10 in Staves
  5238 | D:6      | Reached skill level 1 in Stealth
  5386 | D:6      | Reached XP level 9. HP: 56/75 MP: 8/8
  5393 | D:6      | Reached * piety under Okawaru
  5603 | D:6      | Found a white marble altar of Elyvilon.
  5604 | D:6      | Found a glowing silver altar of Zin.
  5604 | D:6      | Found a glowing golden altar of the Shining One.
  5960 | D:7      | Noticed Prince Ribbit
  5974 | D:7      | Killed Prince Ribbit
  5975 | D:7      | Reached skill level 11 in Staves
  6117 | D:7      | Found a burning altar of Makhleb.
  6338 | D:7      | Found a runed translucent door.
  6339 | D:7      | Noticed Crazy Yiuf
  6474 | D:7      | Killed Crazy Yiuf
  6530 | D:8      | Reached ** piety under Okawaru
  6819 | D:8      | Identified the +0 robe of Generosity {rPois Will+++ Int-4
                  | Dex-4}
  6871 | D:8      | Noticed Grum
  6885 | D:8      | Killed Grum
  7350 | D:8      | Reached XP level 10. HP: 88/88 MP: 9/9
  7508 | D:9      | Noticed a two-headed ogre
  7513 | D:9      | Killed a two-headed ogre
  7513 | D:9      | Reached *** piety under Okawaru
  7514 | D:9      | Reached skill level 12 in Staves
  7762 | D:9      | Found Efenin's Book Boutique.
  7872 | D:9      | Found an ancient bone altar of Kikubaaqudgha.
  8024 | D:9      | Found a sacrificial altar of Ru.
  8025 | D:9      | Found an ornate altar of the Wu Jian Council.
  8084 | D:9      | Received a gift from Okawaru
  8129 | D:9      | HP: 3/87 [gnoll sergeant/+1 heavy trident (11)]
  8130 | D:9      | Slain by a gnoll sergeant

Illustrated notes

Levels and vault maps discovered:
D:1:      psy_arrival_conway, layout_loops_ring,
          hellmonk_ecumenical_altar_heavens_door, serial_shops,
          nicolae_shop_pleasant_corner_grove
D:2:      layout_rooms, grunt_decor_cap, uniq_sigmund, uniq_terence
D:3:      layout_basic, gammafunk_ghost_cemetery
D:4:      layout_rooms, kennysheep_mini_moat, serial_shops, shop_fountains,
          shop, nicolae_shop_window_shopping, nicolae_stop_n_shop_2,
          kennysheep_generic_room_10
D:5:      layout_gridville, uniq_ijyb, uniq_grinder
D:6:      layout_basic, dreamdust_divine_triumvirate, minmay_temple_entry_ruins
D:7:      layout_rooms, mainiacjoe_overflow_small_starburst,
          uniq_prince_ribbit1, uniq_crazy_yiuf_cottage
D:8:      layout_basic, uniq_grum
D:9:      layout_loops_ring, kiku_gazebo_garden_becter,
          gammafunk_temple_overflow_statue, erik_orc_1, serial_shops,
          nicolae_diamond_shop
Temple:   nicolae_temple_two_arcs

Skill      XL: |  1  2  3  4  5  6  7  8  9 10 |
---------------+-------------------------------+-----
Staves         | 4 5 6 7 10 11 12 | 12.7
Armour         | 1 2 3 5 6 8 9 |  9.1
Fighting       | 3 4 5 7 8 |  8.6
Dodging        | 4 5 6 |  6.1
Stealth        | 1 |  1.8
Throwing       | 3 |  3.0

Action                     |  1- 3 |  4- 6 |  7- 9 | 10-12 || total
---------------------------+-------+-------+-------+-------++-------
  Melee: Quarterstaff      |    76 |    97 |   266 |    59 ||   498
         Headbutt          |     8 |    16 |    52 |    10 ||    86
  Throw: Throwing net      |       |     6 |     3 |       ||     9
         Javelin           |       |     1 |       |       ||     1
    Use: Potion            |       |     2 |       |     1 ||     3
         Scroll            |       |     6 |     4 |     3 ||    13
   Stab: Sleeping          |     1 |       |       |       ||     1
         Held in net/web   |       |       |     1 |       ||     1
 Armour: Leather armour    |    29 |     8 |       |       ||    37
         Scale mail        |       |    33 |    87 |    29 ||   149
  Dodge: Dodged            |    46 |    50 |   151 |    58 ||   305
